 Dungeon Crawl Stone Soup version 0.27-a0-1140-g099f9bb0e8 (webtiles) character file.

Game seed: 11737888886539853788

116 polve the Cutter (level 4, -2/35 HPs)
             Began as a Demonspawn Abyssal Knight on May 8, 2021.
             Was a Follower of Lugonu.
             Slain by an orc
             ... wielding a +1 mace of protection
              (4 damage)
             ... on level 2 of the Dungeon.
             The game lasted 00:01:39 (2226 turns).

polve the Cutter (Demonspawn Abyssal Knight)        Turns: 2226, Time: 00:01:40

Health: -2/35      AC:  3    Str: 13    XL:     4   Next: 69%
Magic:  5/5        EV: 11    Int: 13    God:    Lugonu [*.....]
Gold:   71         SH:  0    Dex: 15    Spells: 3/3 levels left

rFire    . . .     SeeInvis .   d - +1 short sword (speed)
rCold    . . .     Faith    .   (no shield)
rNeg     . . .     Spirit   .   b - +0 leather armour
rPois    .         Reflect  .   (no helmet)
rElec    .         Harm     .   (no cloak)
rCorr    .         Rampage  .   (no gloves)
Will     .....                  (no boots)
Stlth    +++.......             (no amulet)
HPRegen  0.11/turn              (no ring)
MPRegen  0.09/turn              (no ring)

@: no status effects
A: thin skeletal structure 1
a: Renounce Religion, Depart the Abyss


You were on level 2 of the Dungeon.
You worshipped Lugonu.
Lugonu was aware of your devotion.
You visited 1 branch of the dungeon, and saw 3 of its levels.
You visited the Abyss 1 time.

You collected 71 gold pieces.

Inventory:

Hand Weapons
 d - a +1 short sword of speed (weapon)
Armour
 b - a +0 leather armour (worn)
 j - a +0 pair of boots
Scrolls
 a - a scroll of teleportation {unknown}
 c - a scroll of enchant weapon {unknown}
 e - 2 scrolls of identify {unknown}
 k - a scroll of fear {unknown}
Potions
 f - 2 potions of attraction {unknown}
 g - a potion of haste {unknown}
 h - a potion of heal wounds {unknown}
 i - 2 potions of degeneration {unknown}
 l - a potion of brilliance {unknown}


   Skills:
 - Level 3.0 Fighting
 - Level 4.0 Short Blades
 - Level 1.7 Armour
 - Level 0.8 Dodging
 + Level 2.1 Stealth
 - Level 2.4 Invocations


You had 3 spell levels left.
You didn't know any spells.
Your spell library contained the following spells:

 Spells                   Type           Power      Damage    Failure   Level
 Shock                    Conj/Air       0%         1d3       36%         1
 Static Discharge         Conj/Air       0%         N/A       52%         2
 Confusing Touch          Hex            0%         N/A       75%         3
 Gell's Gravitas          Tloc           0%         N/A       75%         3
 Swiftness                Air            0%         N/A       75%         3
 Airstrike                Air            0%         N/A       98%         4
 Petrify                  Tmut/Erth      0%         N/A       98%         4
 Lightning Bolt           Conj/Air       0%         1d11      100%        5
 Metabolic Englaciation   Hex/Ice        0%         N/A       100%        5
 Yara's Violent Unravell  Hex/Tmut       0%         3d3       100%        5


Dungeon Overview and Level Annotations

Branches:
Dungeon (3/15)

Altars:
Wu Jian


Innate Abilities, Weirdness & Mutations

You have a somewhat thin skeletal structure. (Dex +2, Stealth+)


Message History

The ball python hisses angrily.
You hit the orc priest.
The orc priest is severely wounded.
The orc misses you.
You hit the orc priest.
The orc priest is severely wounded.
The orc priest barely misses you. The orc barely misses you.
You hit the orc priest but do no damage.
The orc priest is severely wounded.
The orc closely misses you.
The orc priest hits you but does no damage.
You barely miss the orc priest.
The orc priest is severely wounded.
The orc hits you with a +1 mace of protection.
You hit the orc priest.
The orc priest is almost dead.
The orc barely misses you.
The orc priest hits you with a +0 dagger.
The orc hits you with a +1 mace of protection.
* * * LOW HITPOINT WARNING * * *
You hit the orc priest.
You kill the orc priest!
Lugonu accepts your kill. The orc hits you with a +0 dagger.
* * * LOW HITPOINT WARNING * * *
Your Stealth skill increases to level 2!
The orc hits you with a +0 dagger.
* * * LOW HITPOINT WARNING * * *
You see here 11 gold pieces.
There is a stone staircase leading up here.
The orc hits you with a +1 mace of protection.
* * * LOW HITPOINT WARNING * * *
You climb upwards.
There is a stone staircase leading down here.
You closely miss the orc.
The orc hits you with a +1 mace of protection.
* * * LOW HITPOINT WARNING * * *
You closely miss the orc.
The orc hits you with a +1 mace of protection.
You die...

...# #.####.##......... ##.#
#<# #.###..###### ##.# #.#
#.#...## #...
##.#############.# #...####
#.#. ........<........#
#......###.#.
#####.############
#...##.....## # #.#
#######...#......##
#.#########.o.......##.###.#.
#........[..@........### #.#.
###########.#####.#..#####...
# #.# #.#......#### #######
#.# #.#..####.... #.....# #.#
#.#..# #.#..
#.###.#########.# #.#..#
#.#.# #.# #........##.#
#.#..# #.#.#
..###..#####.##.# #.#..#
#.#.# .......# #.##.# #.#..#
#.#.#


You could see an orc.

Vanquished Creatures
  An orc priest (D:3)
  4 adders (D:2)
  A worm (D:2)
  A dart slug (D:1)
  3 bats (D:2)
  6 endoplasms
  2 giant cockroaches
  7 goblins
  A hobgoblin (D:1)
  3 quokkas
  4 ball pythons
  3 frilled lizards
  5 kobolds
  6 rats
47 creatures vanquished.

Notes
Turn   | Place    | Note
-------+----------+-------------------------------------------
     0 | Abyss:1  | polve the Demonspawn Abyssal Knight began the quest for the
                  | Orb.
     0 | Abyss:1  | Reached XP level 1. HP: 18/18 MP: 2/2
    76 | Abyss:1  | Noticed a hell hog
   103 | Abyss:1  | Noticed a neqoxec
   104 | D:1      | Escaped the Abyss
   175 | D:1      | Reached skill level 2 in Short Blades
   393 | D:1      | Gained mutation: You have a somewhat thin skeletal
                  | structure. (Dex +2, Stealth+) [demonic ancestry]
   393 | D:1      | Reached XP level 2. HP: 24/24 MP: 3/3
   439 | D:1      | Reached * piety under Lugonu
   726 | D:1      | Reached skill level 3 in Short Blades
  1061 | D:1      | Found a faded altar of an unknown god.
  1232 | D:2      | Reached XP level 3. HP: 29/29 MP: 4/4
  1788 | D:2      | Reached XP level 4. HP: 34/35 MP: 5/5
  1807 | D:2      | Reached skill level 4 in Short Blades
  1871 | D:2      | Found an ornate altar of the Wu Jian Council.
  1886 | D:2      | Reached skill level 1 in Stealth
  2226 | D:2      | Slain by an orc

Illustrated notes

Levels and vault maps discovered:
D:1:      roderic_crossed_star, layout_loops_ring,
          shapermc_ecumenical_altar_hornbeckon
D:2:      layout_loops_ring, basic_altar, bh_walls_and_bars
D:3:      layout_rooms, old_standard_altar, uniq_ijyb

Skill      XL: |  1  2  3  4 |
---------------+-------------+-----
Short Blades   | 2 3 4 |  4.0
Stealth        | 2 |  2.1
Fighting       | |  3.0
Armour         | |  1.7
Dodging        | |  0.8
Invocations    | |  2.4

Action                   |  1- 3 |  4- 6 || total
-------------------------+-------+-------++-------
Melee: Short sword       |   118 |    36 ||   154
Invok: Depart the Abyss  |     1 |       ||     1
 Stab: Sleeping          |     6 |     5 ||    11
       Distracted        |       |     1 ||     1
Armor: Leather armour    |    18 |     5 ||    23
Dodge: Dodged            |    46 |    16 ||    62

Table legend: (Time is in decaauts)
 A = Elapsed time spent in this place.
 B = Non-inter-level travel time spent in this place.
 C = Inter-level travel time spent in this place.
 D = Time resting spent in this place.
 E = Time spent auto-exploring this place.
 F = Levels seen in this place.
 G = Mean time per level.
                   A        B        C        D        E       F      G
               +--------+--------+--------+--------+--------+-----+--------+
         Total |   2162 |   2093 |     69 |      0 |   1771 |   4 |  540.5 |
       Dungeon |   2059 |   1990 |     69 |      0 |   1687 |   3 |  686.3 |
         Abyss |    103 |    103 |      0 |      0 |     84 |   1 |  103.0 |
               +--------+--------+--------+--------+--------+-----+--------+

Top non-repeatable levels by time:
     D:1: 1038 daAuts
     D:2: 987 daAuts
 Abyss:1: 103 daAuts
     D:3: 33 daAuts
